 Dungeon Crawl Stone Soup version 0.29.1-15-g9cfb28693d (webtiles) character file.

Game seed: 485375627733481702

713 Achh the Shield-Bearer (level 8, -16/62 HPs)
             Began as a Human Fighter on Mar 15, 2023.
             Was a High Priest of Ignis.
             Demolished by an ogre
             ... wielding a +0 giant spiked club
              (30 damage)
             ... on level 5 of the Dungeon.
             The game lasted 00:19:38 (4711 turns).

Achh the Shield-Bearer (Human Fighter)              Turns: 4711, Time: 00:19:39

Health: -16/62     AC: 13    Str: 18    XL:     8   Next: 1%
Magic:  8/8        EV:  5    Int:  9    God:    Ignis [*****.]
Gold:   190        SH:  5    Dex: 13    Spells: 7/7 levels left

rFire   + + .      SeeInvis .   a - +0 war axe
rCold   . . .      Faith    .   c - +0 buckler
rNeg    . . .      Spirit   .   o - +0 plate armour
rPois   .          Reflect  .   l - +0 helmet
rElec   .          Harm     .   (no cloak)
rCorr   .          Rampage  .   (no gloves)
Will    .....                   (no boots)
Stlth   ..........              (no amulet)
HPRegen 0.20/turn               n - ring of protection from fire
MPRegen 0.11/turn               (no ring)

@: no status effects
A: no striking features
a: Renounce Religion, Fiery Armour, Foxfire Swarm, Rising Flame


You were on level 5 of the Dungeon.
You worshipped Ignis.
Ignis was extremely pleased with you.
You visited 1 branch of the dungeon, and saw 5 of its levels.

You collected 190 gold pieces.

Inventory:

Hand Weapons
 a - a +0 war axe (weapon)
 e - a +2 falchion of holy wrath
 w - a +4 whip of freezing
Armour
 c - a +0 buckler (worn)
 l - a +0 helmet (worn)
 o - a +0 plate armour (worn)
Jewellery
 n - a ring of protection from fire (left hand)
Wands
 d - a wand of flame (18)
Scrolls
 b - a scroll of vulnerability {unknown}
 f - 2 scrolls of identify
 h - 2 scrolls of immolation
 j - 2 scrolls of blinking {unknown}
 m - a scroll of brand weapon {unknown}
 p - 4 scrolls of teleportation
 v - a scroll of fog {unknown}
 y - a scroll of amnesia {unknown}
 z - a scroll of noise {unknown}
Potions
 g - 3 potions of lignification {unknown}
 i - a potion of mutation {unknown}
 k - 2 potions of ambrosia {unknown}
 q - 2 potions of haste {unknown}
 r - a potion of curing {unknown}
 s - 5 potions of heal wounds {unknown}
 t - a potion of berserk rage {unknown}
 u - 2 potions of attraction {unknown}
 x - a potion of cancellation {unknown}


   Skills:
 + Level 5.0 Fighting
 + Level 4.4 Axes
 + Level 5.0 Armour
 + Level 5.1 Shields


You had 7 spell levels left.
You didn't know any spells.
Your spell library contained the following spells:

 Spells                   Type           Power      Damage    Failure   Level
 Foxfire                  Conj/Fire      0%         2x1d4     100%        1
 Conjure Flame            Conj/Fire      0%         6-21      100%        3
 Inner Flame              Hex/Fire       0%         N/A       100%        3
 Summon Guardian Golem    Hex/Summ       0%         N/A       100%        3
 Flame Wave               Conj/Fire      0%         2d4       100%        4
 Orb of Destruction       Conj           0%         9d5       100%        7
 Spellforged Servitor     Conj/Summ      0%         N/A       100%        7


Dungeon Overview and Level Annotations

Branches:
Dungeon (5/15)
 Temple: D:4-7

Altars:
Kikubaaqudgha
Trog
Yredelemnul
Ignis

Annotations:
D:3 1 runed translucent door


Message History

You destroy the phantom!
Your Fighting skill increases to level 5!
Your Armour skill increases to level 5!
Your Shields skill increases to level 5!
You have reached level 8!
You feel clever.
You barely miss the quokka. You block the quokka's attack.
The quokka bites you.
You closely miss the quokka.
The quokka bites you but does no damage. x2
You hit the quokka.
The quokka is heavily wounded.
The quokka bites you but does no damage.
You slash the quokka!
You kill the quokka!
An ogre comes into view. It is wielding a +0 giant spiked club.
The ogre shouts!
An ogre is nearby!
You slash the ogre!
The ogre is moderately wounded.
The ogre barely misses you.
You hit the ogre.
The ogre is heavily wounded.
The ogre hits you with a +0 giant spiked club!
You hit the ogre.
The ogre is heavily wounded.
The ogre hits you with a +0 giant spiked club!!
You closely miss the ogre.
The ogre is heavily wounded.
The ogre barely misses you.
You barely miss the ogre.
The ogre is heavily wounded.
The ogre hits you with a +0 giant spiked club!!
* * * LOW HITPOINT WARNING * * *
You slash the ogre!
The ogre is almost dead.
You barely miss the ogre.
The ogre is almost dead.
The ogre hits you with a +0 giant spiked club!!
You die...

.####.######.
...)........# ...#
..###.#####.# ...#
......(...#.# ...#
.##...###.#.# #..#
.##...# #.#.# #..#
........#...# #..#
........###.## #O.#
#...>...##...###@.#
###...............#
# #...###.....##.##
# .............# #
#####.#.#.#### #
##...## # ##.# #
#.# #.


You could see an ogre.

Vanquished Creatures
  Sigmund (D:3)
  2 phantoms
  A scorpion (D:4)
  2 hounds (D:4)
  An orc priest (D:4)
  Jessica (D:2)
  An iguana (D:4)
  Ijyb (D:3)
  Terence (D:2)
  Robin (D:2)
  6 adders
  A shadow imp (D:5)
  2 worms
  5 orcs
  2 ball pythons
  6 endoplasms
  2 giant cockroaches
  11 goblins
  8 hobgoblins
  4 quokkas
  A bat (D:2)
  3 frilled lizards
  2 goblin skeletons (D:3)
  8 kobolds
  6 rats
79 creatures vanquished.

Vanquished Creatures (others)
  4 plants (D:2)
  5 toadstools (D:1)
9 creatures vanquished.

Grand Total: 88 creatures vanquished

Notes
Turn   | Place    | Note
-------+----------+-------------------------------------------
     0 | D:1      | Achh the Human Fighter began the quest for the Orb.
     0 | D:1      | Reached XP level 1. HP: 18/18 MP: 1/1
   647 | D:2      | Reached XP level 2. HP: 12/24 MP: 2/2
  1094 | D:2      | Reached XP level 3. HP: 29/29 MP: 3/3
  1464 | D:2      | Noticed Robin
  1471 | D:2      | Killed Robin
  1475 | D:2      | Reached XP level 4. HP: 19/35 MP: 4/4
  1664 | D:2      | Noticed Jessica
  1679 | D:2      | Killed Jessica
  1813 | D:2      | Noticed Terence
  1823 | D:2      | Killed Terence
  1824 | D:2      | Reached XP level 5. HP: 15/42 MP: 5/5
  2318 | D:3      | Found a faded altar of an unknown god.
  2321 | D:3      | Prayed at the altar of an unknown god.
  2321 | D:3      | Became a worshipper of Ignis, the Dying Flame
  2473 | D:3      | Noticed a human
  2473 | D:3      | Noticed Ijyb
  2473 | D:3      | Found a runed translucent door.
  2489 | D:3      | Killed Ijyb
  2494 | D:3      | Found a basalt altar of Yredelemnul.
  2836 | D:3      | Noticed Sigmund
  2849 | D:3      | Killed Sigmund
  2850 | D:3      | Reached XP level 6. HP: 35/49 MP: 6/6
  3077 | D:3      | Found an ancient bone altar of Kikubaaqudgha.
  3222 | D:3      | Found a bloodstained altar of Trog.
  3362 | D:4      | Reached XP level 7. HP: 36/55 MP: 7/7
  4527 | D:5      | Entered Level 5 of the Dungeon
  4681 | D:5      | Reached skill level 5 in Fighting
  4681 | D:5      | Reached skill level 5 in Armour
  4681 | D:5      | Reached skill level 5 in Shields
  4681 | D:5      | Reached XP level 8. HP: 62/62 MP: 8/8
  4711 | D:5      | Demolished by an ogre

Illustrated notes

Levels and vault maps discovered:
D:1:      ldierk_walled_garden, layout_basic, minivault_4
D:2:      layout_basic, chequers_serial_rivers_room_b, guppyfry_early_lair_pool,
          uniq_jessica, uniq_terence, uniq_robin
D:3:      layout_rooms, dk_yredelemnul_ordeal, lightli_temple_of_fire,
          kiku_gazebo_pond_becter, nicolae_ecumenical_oubliette, uniq_sigmund,
          uniq_ijyb
D:4:      layout_loops_corners, grunt_decor_one_mirror,
          nicolae_concentric_dashed_squares_wild,
          nicolae_kite_square_tiling_tiny, minmay_misc_feat_five,
          minmay_misc_feat_tower
D:5:      layout_loops_ring

Skill      XL: |  1  2  3  4  5  6  7 |
---------------+----------------------+-----
Axes           | 3 4 |  4.4
Shields        | 4 5 |  5.1
Fighting       | 4 5 |  5.0
Armour         | 4 5 |  5.0

Action                   |  1- 3 |  4- 6 |  7- 9 || total
-------------------------+-------+-------+-------++-------
Melee: War axe           |    51 |   145 |   103 ||   299
  Use: Potion            |       |     3 |       ||     3
       Scroll            |       |       |     2 ||     2
Armor: Scale mail        |    42 |    27 |       ||    69
       Plate armour      |       |    60 |    81 ||   141
       Chain mail        |       |    10 |       ||    10
Dodge: Dodged            |    23 |    46 |    27 ||    96
Block: Buckler           |    15 |    48 |    29 ||    92
